 Dungeon Crawl Stone Soup version 0.24.1-8-ga250c9d538 (webtiles) character file.

Game seed: 16364466420531609506, levelgen mode: deterministic

37 Peloso the Covered (level 3, -12/26 HPs)
             Began as a Halfling Fighter on Apr 29, 2020.
             Mangled by a kobold
             ... wielding a +0 whip of electrocution
              (19 damage)
             ... on level 1 of the Dungeon.
             The game lasted 00:01:44 (623 turns).

Peloso the Covered (Halfling Fighter)                Turns: 623, Time: 00:01:44

Health: -12/26     AC:  7    Str: 18    XL:     3   Next: 60%
Magic:  3/3        EV:  9    Int:  6    God:
Gold:   47         SH:  9    Dex: 13    Spells: 2/2 levels left

rFire    . . .     SeeInvis .   a - +0 long sword
rCold    . . .     Gourm    .   c - +0 shield
rNeg     . . .     Faith    .   b - +0 scale mail
rPois    .         Spirit   .   (no helmet)
rElec    .         Reflect  .   (no cloak)
rCorr    .         Harm     .   (no gloves)
MR       .....                  (no boots)
Stlth    ..........             (no amulet)
HPRegen  0.08/turn              (no ring)
MPRegen  0.08/turn              (no ring)

@: no status effects
A: small, mutation resistance 1
a: no special abilities


You were on level 1 of the Dungeon.
You were not hungry.

You visited 1 branch of the dungeon, and saw 1 of its levels.

You collected 47 gold pieces.

Inventory:

Hand Weapons
 a - a +0 long sword (weapon)
 k - a cursed -1 spear
Armour
 b - a +0 scale mail (worn)
 c - a +0 shield (worn)
Scrolls
 e - 2 scrolls of identify {unknown}
 i - a scroll of enchant armour {unknown}
 j - a scroll of remove curse {unknown}
 l - a scroll of fear {unknown}
 n - a scroll of fog {unknown}
Potions
 d - a potion of might
 g - a potion of cancellation {unknown}
 h - a potion of degeneration {unknown}
 m - a potion of flight {unknown}
 o - a potion of haste {unknown}
Comestibles
 f - 2 rations


   Skills:
 + Level 3.1 Fighting
 + Level 2.2 Long Blades
 + Level 3.9 Armour
 + Level 3.6 Shields


You had 2 spell levels left.
You didn't know any spells.
Your spell library was empty.

Dungeon Overview and Level Annotations

Branches:
Dungeon (1/15)

Altars:


Innate Abilities, Weirdness & Mutations

You are small and have problems with some larger weapons.
You are somewhat resistant to further mutation.


Message History

* * * LOW HITPOINT WARNING * * *
Your shield prevents you from hitting the hobgoblin.
You block the hobgoblin's attack.
The kobold hits you with a +0 whip of electrocution.
* * * LOW HITPOINT WARNING * * *
The hobgoblin hits you with a +0 club.
* * * LOW HITPOINT WARNING * * *
You hit the hobgoblin.
The hobgoblin is heavily wounded.
The kobold barely misses you. You block the hobgoblin's attack.
You slash the hobgoblin!
You kill the hobgoblin!
You block the kobold's attack. x2
Unknown command.
Okay, then.
You see here a stone.
You see here a stone.
The kobold hits you but does no damage.
You are electrocuted!!
Ouch! That really hurt!
You die...

#...........# .. ..
##..........# ... ..
########..........#.... ..
#####..(.....##††..........
..###............((.......#....
......###........(.###....#....
.................##....#### ...
.................##....# ..
................@##....#
................K##....#
.........#.#...#.......#
................†.#.####
.........#..####.##.# #.
.##.###.....####.#..# #.# ###
..#.##......#......####.####....
#.......#..........#....#....)..
.>.........###.......###.....#


You could see a kobold.

Vanquished Creatures
  A gnoll (D:1)
  An ooze (D:1)
  A dart slug (D:1)
  2 bats (D:1)
  A giant cockroach (D:1)
  2 goblins (D:1)
  4 hobgoblins (D:1)
  4 kobolds (D:1)
  A ball python (D:1)
  A frilled lizard (D:1)
  2 rats (D:1)
20 creatures vanquished.

Notes
Turn   | Place    | Note
-------+----------+-------------------------------------------
     0 | D:1      | Peloso the Halfling Fighter began the quest for the Orb.
     0 | D:1      | Reached XP level 1. HP: 15/15 MP: 1/1
    24 | D:1      | Reached XP level 2. HP: 20/20 MP: 2/2
   123 | D:1      | Reached XP level 3. HP: 20/26 MP: 3/3
   623 | D:1      | Mangled by a kobold

Levels and vault maps discovered:
D:1:      tarquinn_simple_flora_water_f, layout_rooms, lemuel_another_geyser

Skill      XL: |  1  2 |
---------------+-------+-----
Fighting       | 3 |  3.1
Long Blades    | |  2.2
Armour         | |  3.9
Shields        | |  3.6

Action                   || total
-------------------------++-------
Melee: Long sword        ||    58
Armor: Scale mail        ||    26
Dodge: Dodged            ||    27
Block: Shield            ||    35
       Rpst.: Long sword ||     9
